 Dungeon Crawl Stone Soup version 0.31-a0-237-g2d982f9f85 (webtiles) character file.

Game seed: 5043498172204094003

206 reriks the Grave Robber (level 5, -7/28 HPs)
             Began as a Deep Elf Necromancer on July 11, 2023.
             Was a Believer of Cheibriados.
             Mangled by Robin
             ... wielding a +1 dagger of electrocution
              (18 damage)
             ... on level 2 of the Dungeon.
             The game lasted 00:03:05 (1033 turns).

reriks the Grave Robber (Deep Elf Necromancer)      Turns: 1033, Time: 00:03:06

Health: -7/28      AC:  5    Str:  9    XL:     5   Next: 53%
Magic:  9/14       EV: 15    Int: 26    God:    Cheibriados [**....]
Gold:   37         SH:  0    Dex: 25    Spells: 5/13 levels left

rFire   . . .        h - +1 mace
rCold   . . .        (no shield)
rNeg    . . .        a - +0 robe
rPois   .            g - +2 helmet
rElec   .            (no cloak)
rCorr   .            (no gloves)
SInv    .            (no boots)
Will    .....        (no amulet)
Stlth   +++          c - +6 ring of dexterity
HPRegen 0.24/turn    (no ring)
MPRegen 0.14/turn

%: no passive effects
@: very slow
A: no striking features
a: Renounce Religion, Bend Time


You were on level 2 of the Dungeon.
You worshipped Cheibriados.
Cheibriados was pleased with you.
You visited 1 branch of the dungeon, and saw 2 of its levels.

You collected 37 gold pieces.

Inventory:

Hand Weapons
 h - a +1 mace (weapon)
Armour
 a - a +0 robe (worn)
 g - a +2 helmet (worn)
Jewellery
 c - a +6 ring of dexterity (left hand)
 d - a ring of positive energy
Potions
 b - a potion of magic
 f - a potion of invisibility {unknown}
 k - a potion of might {unknown}


   Skills:
 + Level 4.1 Dodging
 + Level 4.3 Stealth
 + Level 4.7 Spellcasting
 + Level 5.8 Necromancy


You had 5 spell levels left.
You knew the following spells:

 Your Spells              Type           Power      Damage    Failure   Level
a - Necrotise             Necr           100%       1d9       1%          1
b - Vampiric Draining     Necr           36%        2d8       2%          3
c - Animate Dead          Necr           36%        N/A       7%          4

Your spell library contained the following spells:

 Spells                   Type           Power      Damage    Failure   Level
 Agony                    Necr           36%        N/A       21%         5
 Ozocubu's Armour         Ice            6%         N/A       24%         3
 Passage of Golubria      Tloc           6%         N/A       61%         4
 Silence                  Hex/Air        3%         N/A       91%         5
 Ozocubu's Refrigeration  Ice            3%         4d8       100%        7
 Lehudib's Crystal Spear  Conj/Erth      3%         10d2      100%        8


Dungeon Overview and Level Annotations

Branches:
Dungeon (2/15)

Altars:
Cheibriados
Dithmenos

Annotations:
D:2 Robin


Message History

Press: ? - help, Shift-Dir - straight line, f - hobgoblin
Aim: a hobgoblin (strong, ally target, chance to affect: 93%)
The hobgoblin writhes in agony!
You kill the hobgoblin!
Cheibriados thoroughly appreciates the change of pace.
The dead are walking!
The goblin hits your goblin skeleton with a +0 dagger.
Your goblin skeleton is destroyed!
You swap places. 2 hobgoblins come into view.
The hobgoblin no longer looks unusually strong.
Robin roars a battlecry!
The hobgoblins go into a battle-frenzy!
The hobgoblin moves out of view.
The hobgoblin shouts! x2
Robin attacks as you move away! Robin closely misses you.
Your hobgoblin skeleton closely misses the goblin.
Your goblin skeleton barely misses the goblin.
Your hobgoblin skeleton barely misses the hobgoblin.
Robin hits you but does no damage.
You are electrocuted!
Something hits your hobgoblin skeleton. Robin attacks as you move away!
Robin hits you with a +1 dagger of electrocution.
You are electrocuted!
Something hits your hobgoblin skeleton.
Robin hits you with a +1 dagger of electrocution.
* * * LOW HITPOINT WARNING * * *
The hobgoblin hits your hobgoblin skeleton.
Your hobgoblin skeleton is destroyed!
Robin roars a battlecry!
The goblin goes into a battle-frenzy!
Robin attacks as you move away! Robin barely misses you.
Robin attacks as you move away!
Robin hits you with a +1 dagger of electrocution.
* * * LOW HITPOINT WARNING * * *
Robin roars a battlecry!
You aren't carrying any scrolls.
Unknown command.
You feel better. Robin hits you but does no damage.
You are electrocuted!!
Ouch! That really hurt!
You die...

#.# #.# #.# #.# .# #.# .#
#.########.#
######################.#......#.#
..........).....@ggg.ggg........Z
#############...######.#.#<...#..
##...## #.#)######.. #.....#
#.#Zg).gg..#
#.....####.##########
#.._..........>...
#.....############ #.....#
###.###


You could see Robin, 3 hobgoblins and 2 goblins.

Vanquished Creatures
  Sigmund (D:2)
  A giant cockroach (D:1)
  7 goblins
  4 hobgoblins
  4 kobolds
  2 quokkas
  5 ball pythons
  2 bats
  3 frilled lizards (D:1)
  3 rats (D:1)
32 creatures vanquished.

Vanquished Creatures (collateral kills)
  An endoplasm (D:1)
  A goblin (D:1)
  A bat (D:1)
3 creatures vanquished.

Grand Total: 35 creatures vanquished

Notes
Turn   | Place    | Note
-------+----------+-------------------------------------------
     0 | D:1      | reriks the Deep Elf Necromancer began the quest for the
                  | Orb.
     0 | D:1      | Reached XP level 1. HP: 10/10 MP: 6/6
   175 | D:1      | Found a faded altar of an unknown god.
   180 | D:1      | Reached skill level 5 in Necromancy
   180 | D:1      | Reached XP level 2. HP: 15/15 MP: 6/8
   199 | D:1      | Prayed at the altar of an unknown god.
   199 | D:1      | Became a worshipper of Cheibriados the Contemplative
   199 | D:1      | Reached * piety under Cheibriados
   833 | D:2      | Noticed Sigmund
   873 | D:2      | Killed Sigmund
   874 | D:2      | Reached XP level 3. HP: 19/19 MP: 2/11
   874 | D:2      | Reached XP level 4. HP: 24/24 MP: 2/12
   874 | D:2      | Reached XP level 5. HP: 28/28 MP: 2/14
   878 | D:2      | Learned a level 3 spell: Vampiric Draining
   883 | D:2      | Learned a level 4 spell: Animate Dead
   955 | D:2      | Found a shadowy altar of Dithmenos.
  1009 | D:2      | Reached ** piety under Cheibriados
  1018 | D:2      | Noticed Robin
  1033 | D:2      | Mangled by Robin

Illustrated notes

Levels and vault maps discovered:
D:1:      nzn_arrival_water_spiral, layout_rooms, basic_ecumenical_altar,
          minmay_tromino_mix6
D:2:      layout_basic, basic_altar, minmay_cupped, uniq_sigmund, uniq_robin

Skill      XL: |  1  2 |
---------------+-------+-----
Necromancy     | 5 |  5.8
Stealth        | 4 |  4.3
Dodging        | 4 |  4.1
Spellcasting   | 4 |  4.7

Action                     |  1- 3 |  4- 6 || total
---------------------------+-------+-------++-------
   Cast: Necrotise         |    42 |    12 ||    54
    Use: Scroll            |     3 |       ||     3
         Potion            |       |     1 ||     1
 Armour: Robe              |       |     2 ||     2
  Dodge: Dodged            |     7 |     3 ||    10

Table legend: (Time is in decaauts)
 A = Elapsed time spent in this place.
 B = Non-inter-level travel time spent in this place.
 C = Inter-level travel time spent in this place.
 D = Time resting spent in this place.
 E = Time spent auto-exploring this place.
 F = Levels seen in this place.
 G = Mean time per level.
                   A        B        C        D        E       F      G
               +--------+--------+--------+--------+--------+-----+--------+
         Total |   1227 |   1213 |     14 |    150 |    794 |   2 |  613.5 |
       Dungeon |   1227 |   1213 |     14 |    150 |    794 |   2 |  613.5 |
               +--------+--------+--------+--------+--------+-----+--------+

Top non-repeatable levels by time:
     D:1: 785 daAuts
     D:2: 442 daAuts
